[ AOE2 MATCH · #484119901 ]
UnrankedRomans vs Khmer
[ REPLAY ANALYSIS · EXTRACTED FROM THE RECORDED GAME ]
Feudal
9:32
Castle
—
Imperial
—
| APM avg | 30.6 |
| APM peak | 72 |
| eAPM avg | 13.6 |
| Villagers / military | 44 / 6 |
Focus
⚔️ 29.0% · 🌾 71.0%
Spearman ×3 · Skirmisher ×3
Feudal
12:15
Castle
14:57
Imperial
—
| APM avg | 33.4 |
| APM peak | 75 |
| eAPM avg | 17.5 |
| Villagers / military | 45 / 15 |
Focus
⚔️ 53.8% · 🌾 46.2%
Knight ×15
Feudal
11:27
Castle
18:42
Imperial
—
| APM avg | 58.8 |
| APM peak | 99 |
| eAPM avg | 13.0 |
| Villagers / military | 53 / 12 |
Focus
⚔️ 24.0% · 🌾 76.0%
Cavalry Archer ×7 · Scout Cavalry ×5
Feudal
12:42
Castle
16:44
Imperial
—
| APM avg | 24.0 |
| APM peak | 55 |
| eAPM avg | 10.7 |
| Villagers / military | 44 / 0 |
Focus
⚔️ 8.0% · 🌾 92.0%
Feudal
11:42
Castle
16:19
Imperial
—
| APM avg | 26.7 |
| APM peak | 56 |
| eAPM avg | 11.0 |
| Villagers / military | 45 / 0 |
Focus
⚔️ 33.9% · 🌾 66.1%
Feudal
11:53
Castle
17:57
Imperial
—
| APM avg | 26.9 |
| APM peak | 69 |
| eAPM avg | 10.9 |
| Villagers / military | 39 / 0 |
Focus
⚔️ 4.9% · 🌾 95.1%
Feudal
9:25
Castle
19:12
Imperial
—
| APM avg | 31.8 |
| APM peak | 87 |
| eAPM avg | 10.0 |
| Villagers / military | 33 / 0 |
Focus
⚔️ 13.1% · 🌾 86.9%
Feudal
10:57
Castle
—
Imperial
—
| APM avg | 49.4 |
| APM peak | 70 |
| eAPM avg | 15.7 |
| Villagers / military | 56 / 9 |
Focus
⚔️ 11.0% · 🌾 89.0%
Scout Cavalry ×9
Match map
Initial resources + every placement click. Lines = walls · curves = elevation contours. ◆ gold · ⬟ stone · ● berries · ✦ relic · ◌ wall gap
Your base· Open — unwalled flank
quit touching me's base· Open — unwalled flank
不会讲英文's base· Open — unwalled flank
Mr. Bolivar's base· Open — unwalled flank
久久's base· Open — unwalled flank
xidis's base· Open — unwalled flank
大果汁's base· Open — 15t gap
adanrodrigueez14's base· Open — unwalled flank
Smoothed initial terrain · ◌ = detected wall gap · hover for details
Inputs per minute
— 马大帅 - - quit touching me
Build order — 马大帅
106 actions detected in the replay
| 0:02 | Create | Villager (Male) |
| 0:03 | Create | Villager (Male) |
| 0:03 | Create | Villager (Male) |
| 0:03 | Create | Villager (Male) |
| 0:03 | Create | Villager (Male) |
| 0:07 | Build | House |
| 0:08 | Build | House |
| 1:41 | Create | Villager (Male) |
| 1:41 | Create | Villager (Male) |
| 1:52 | Build | Lumber Camp |
| 1:58 | Create | Villager (Male) |
| 1:58 | Create | Villager (Male) |
| 2:04 | Build | House |
| 2:05 | Build | House |
| 2:38 | Create | Villager (Male) |
| 2:59 | Create | Villager (Male) |
| 2:59 | Create | Villager (Male) |
| 3:00 | Create | Villager (Male) |
| 3:31 | Build | Palisade Wall |
| 3:56 | Create | Villager (Male) |
| 3:56 | Create | Villager (Male) |
| 3:57 | Create | Villager (Male) |
| 4:37 | Create | Villager (Male) |
| 4:37 | Create | Villager (Male) |
| 5:17 | Create | Villager (Male) |
| 5:17 | Create | Villager (Male) |
| 5:25 | Create | Villager (Male) |
| 5:26 | Create | Villager (Male) |
| 5:45 | Build | Mill |
| 5:48 | Create | Villager (Male) |
| 6:47 | Research | Loom |
| 7:16 | Research | Feudal Age |
| 8:15 | Build | Palisade Wall |
| 8:56 | Build | Palisade Wall |
| 9:15 | Create | Villager (Male) |
| 9:15 | Create | Villager (Male) |
| 9:32 | Age | Feudal Age |
| 9:35 | Build | Barracks |
| 9:39 | Create | Villager (Male) |
| 9:50 | Build | House |
| 10:28 | Research | Double-Bit Axe |
| 10:29 | Create | Villager (Male) |
| 10:32 | Build | House |
| 10:35 | Create | Villager (Male) |
| 10:46 | Create | Villager (Male) |
| 10:54 | Create | Spearman |
| 10:54 | Create | Spearman |
| 10:56 | Create | Villager (Male) |
| 11:00 | Create | Villager (Male) |
| 11:12 | Build | Archery Range |
| 11:14 | Create | Villager (Male) |
| 11:29 | Build | House |
| 11:30 | Build | House |
| 11:37 | Build | House |
| 11:53 | Create | Spearman |
| 12:00 | Create | Skirmisher |
| 12:01 | Create | Skirmisher |
| 12:21 | Build | Mining Camp |
| 12:23 | Create | Villager (Male) |
| 12:30 | Create | Villager (Male) |
| 12:42 | Create | Skirmisher |
| 12:52 | Build | House |
| 12:54 | Create | Villager (Male) |
| 13:21 | Build | Palisade Wall |
| 13:23 | Create | Villager (Male) |
| 13:23 | Create | Villager (Male) |
| 13:33 | Research | Horse Collar |
| 13:40 | Build | Farm |
| 13:46 | Create | Villager (Male) |
| 13:51 | Build | Farm |
| 14:07 | Create | Villager (Male) |
| 14:11 | Create | Villager (Male) |
| 14:21 | Build | Farm |
| 14:37 | Build | Farm |
| 14:46 | Build | Farm |
| 15:08 | Build | Lumber Camp |
| 15:21 | Build | House |
| 15:26 | Create | Villager (Male) |
| 15:29 | Build | Farm |
| 15:54 | Create | Villager (Male) |
| 16:04 | Build | House |
| 16:06 | Build | House |
| 16:07 | Build | House |
| 16:08 | Build | House |
| 16:16 | Build | Farm |
| 16:17 | Build | Farm |
| 16:32 | Build | Farm |
| 16:42 | Build | Blacksmith |
| 16:54 | Build | Farm |
| 16:58 | Build | Farm |
| 16:58 | Create | Villager (Male) |
| 17:17 | Build | Market |
| 17:28 | Build | House |
| 17:30 | Build | House |
| 18:00 | Research | Castle Age |
| 18:06 | Build | Farm |
| 18:10 | Build | Farm |
| 18:11 | Build | Farm |
| 18:15 | Build | Farm |
| 18:16 | Build | Farm |
| 18:18 | Build | Farm |
| 18:28 | Build | House |
| 18:29 | Build | House |
| 19:09 | Research | Scale Mail Armor |
| 19:09 | Research | Forging |
| 19:45 | Create | Villager (Male) |
Build order — quit touching me
91 actions detected in the replay
| 0:01 | Create | Villager (Male) |
| 0:01 | Create | Villager (Male) |
| 0:01 | Create | Villager (Male) |
| 0:02 | Create | Villager (Male) |
| 0:03 | Build | House |
| 0:04 | Build | House |
| 1:27 | Create | Villager (Male) |
| 2:00 | Create | Villager (Male) |
| 2:00 | Create | Villager (Male) |
| 2:21 | Create | Villager (Male) |
| 2:37 | Build | Lumber Camp |
| 2:43 | Create | Villager (Male) ×2 |
| 2:43 | Create | Villager (Male) ×2 |
| 3:08 | Build | House |
| 3:13 | Build | Palisade Wall |
| 3:24 | Create | Villager (Male) |
| 3:56 | Build | Palisade Wall |
| 4:04 | Create | Villager (Male) ×2 |
| 4:04 | Create | Villager (Male) ×2 |
| 4:27 | Create | Villager (Male) |
| 4:27 | Create | Villager (Male) |
| 4:42 | Build | House |
| 4:49 | Create | Villager (Male) |
| 5:36 | Create | Villager (Male) ×2 |
| 5:46 | Build | Palisade Wall |
| 5:49 | Build | Palisade Wall |
| 6:06 | Build | Mill |
| 6:30 | Create | Villager (Male) |
| 6:31 | Create | Villager (Male) |
| 6:32 | Create | Villager (Male) |
| 7:12 | Build | House |
| 7:22 | Create | Villager (Male) |
| 7:22 | Create | Villager (Male) |
| 7:47 | Build | Mining Camp |
| 7:58 | Create | Villager (Male) |
| 8:50 | Create | Villager (Male) |
| 9:10 | Create | Villager (Male) |
| 9:37 | Create | Villager (Male) |
| 9:52 | Research | Feudal Age |
| 10:05 | Build | Palisade Wall |
| 10:08 | Build | Palisade Wall |
| 10:11 | Build | Palisade Wall |
| 10:13 | Build | Palisade Wall |
| 10:14 | Build | Palisade Wall |
| 10:16 | Build | Palisade Wall |
| 11:18 | Build | Farm |
| 11:31 | Build | Farm |
| 11:50 | Build | Farm |
| 12:15 | Age | Feudal Age |
| 12:17 | Research | Castle Age |
| 12:28 | Build | Stable |
| 12:32 | Build | Stable |
| 13:30 | Research | Bloodlines |
| 13:37 | Build | House |
| 13:38 | Build | House |
| 13:40 | Build | Farm |
| 14:06 | Build | Farm |
| 14:36 | Build | Farm |
| 14:39 | Build | Farm |
| 14:57 | Age | Castle Age |
| 15:02 | Create | Knight ×3 |
| 15:02 | Create | Knight ×3 |
| 15:04 | Create | Villager (Male) |
| 15:19 | Create | Knight |
| 15:19 | Create | Knight |
| 15:20 | Create | Villager (Male) |
| 15:27 | Build | Blacksmith |
| 15:46 | Create | Villager (Male) |
| 16:08 | Create | Knight |
| 16:08 | Create | Knight |
| 16:10 | Create | Villager (Male) |
| 16:13 | Research | Forging |
| 16:36 | Create | Knight |
| 16:36 | Create | Knight |
| 16:37 | Create | Villager (Male) |
| 16:48 | Create | Villager (Male) |
| 16:54 | Build | Farm |
| 17:07 | Create | Knight |
| 17:10 | Build | House |
| 17:11 | Build | House |
| 17:14 | Build | House |
| 17:17 | Create | Villager (Male) |
| 17:41 | Create | Villager (Male) |
| 17:53 | Create | Knight |
| 17:53 | Create | Knight |
| 18:13 | Create | Villager (Male) |
| 18:17 | Build | Town Center |
| 18:54 | Create | Villager (Male) ×3 |
| 19:02 | Build | Town Center |
| 19:27 | Create | Villager (Male) |
| 19:28 | Create | Villager (Male) |
Build order — 不会讲英文
101 actions detected in the replay
| 0:02 | Create | Villager (Male) |
| 0:03 | Create | Villager (Male) |
| 0:03 | Create | Villager (Male) |
| 0:03 | Create | Villager (Male) |
| 0:03 | Create | Villager (Male) |
| 0:03 | Create | Villager (Male) |
| 0:03 | Create | Villager (Male) |
| 1:29 | Create | Villager (Male) |
| 1:29 | Create | Villager (Male) |
| 1:54 | Create | Villager (Male) |
| 1:54 | Create | Villager (Male) |
| 1:57 | Build | Lumber Camp |
| 2:16 | Create | Villager (Male) |
| 2:17 | Create | Villager (Male) |
| 2:44 | Create | Villager (Male) |
| 2:44 | Create | Villager (Male) |
| 2:56 | Create | Villager (Male) |
| 2:57 | Create | Villager (Male) |
| 4:17 | Create | Villager (Male) |
| 4:17 | Create | Villager (Male) |
| 4:17 | Create | Villager (Male) |
| 4:18 | Create | Villager (Male) |
| 4:42 | Create | Villager (Male) |
| 4:42 | Create | Villager (Male) |
| 4:42 | Create | Villager (Male) |
| 5:14 | Create | Villager (Male) |
| 5:22 | Create | Villager (Male) |
| 5:28 | Create | Villager (Male) |
| 6:01 | Create | Villager (Male) |
| 6:27 | Create | Villager (Male) |
| 6:31 | Build | Mill |
| 6:57 | Create | Villager (Male) |
| 7:02 | Create | Villager (Male) |
| 7:09 | Create | Villager (Male) |
| 7:10 | Create | Villager (Male) |
| 7:19 | Build | Farm |
| 7:35 | Build | Farm |
| 7:44 | Create | Villager (Male) |
| 7:44 | Create | Villager (Male) |
| 8:32 | Research | Loom |
| 8:59 | Build | Farm |
| 9:05 | Research | Feudal Age |
| 9:36 | Build | Palisade Wall |
| 10:32 | Build | Barracks |
| 10:42 | Create | Villager (Male) |
| 10:43 | Create | Villager (Male) |
| 11:09 | Create | Villager (Male) |
| 11:27 | Age | Feudal Age |
| 11:31 | Create | Villager (Male) |
| 11:41 | Build | Stable |
| 11:53 | Build | Palisade Wall |
| 12:12 | Create | Villager (Male) |
| 12:16 | Create | Villager (Male) |
| 12:16 | Create | Villager (Male) |
| 12:21 | Create | Villager (Male) |
| 12:21 | Create | Villager (Male) |
| 12:22 | Create | Villager (Male) |
| 12:28 | Create | Villager (Male) |
| 12:28 | Create | Villager (Male) |
| 12:34 | Create | Villager (Male) |
| 12:38 | Create | Scout Cavalry |
| 12:39 | Create | Scout Cavalry |
| 12:46 | Research | Double-Bit Axe |
| 12:53 | Create | Villager (Male) |
| 12:59 | Create | Villager (Male) |
| 13:05 | Create | Scout Cavalry |
| 13:09 | Create | Villager (Male) |
| 13:09 | Create | Villager (Male) |
| 13:18 | Build | Blacksmith |
| 13:27 | Create | Scout Cavalry |
| 13:58 | Research | Horse Collar |
| 14:05 | Build | Mining Camp |
| 14:35 | Build | Farm |
| 14:36 | Build | Farm |
| 14:38 | Build | Farm |
| 14:39 | Build | Farm |
| 15:07 | Build | Farm |
| 15:39 | Create | Scout Cavalry |
| 15:57 | Research | Castle Age |
| 15:57 | Research | Castle Age |
| 16:10 | Build | Lumber Camp |
| 17:21 | Build | Archery Range |
| 17:22 | Build | Archery Range |
| 18:01 | Create | Villager (Male) |
| 18:05 | Build | Archery Range |
| 18:13 | Research | Bloodlines |
| 18:13 | Research | Bloodlines |
| 18:42 | Age | Castle Age |
| 18:52 | Create | Cavalry Archer |
| 18:53 | Create | Cavalry Archer |
| 18:53 | Create | Cavalry Archer |
| 19:04 | Research | Fletching |
| 19:05 | Research | Padded Archer Armor |
| 19:05 | Research | Padded Archer Armor |
| 19:08 | Create | Cavalry Archer |
| 19:08 | Create | Cavalry Archer |
| 19:09 | Create | Cavalry Archer |
| 19:29 | Research | Heavy Plow |
| 19:29 | Research | Heavy Plow |
| 19:32 | Build | Farm |
| 19:34 | Create | Cavalry Archer |
Build order — Mr. Bolivar
108 actions detected in the replay
| 0:01 | Create | Villager (Male) |
| 0:01 | Create | Villager (Male) |
| 0:01 | Create | Villager (Male) |
| 0:03 | Build | House |
| 0:04 | Build | House |
| 0:31 | Create | Villager (Male) |
| 0:31 | Create | Villager (Male) |
| 1:25 | Create | Villager (Male) |
| 1:25 | Create | Villager (Male) |
| 1:50 | Build | Lumber Camp |
| 2:02 | Create | Villager (Male) |
| 2:02 | Create | Villager (Male) |
| 2:30 | Create | Villager (Male) |
| 3:01 | Create | Villager (Male) |
| 3:01 | Create | Villager (Male) |
| 3:01 | Create | Villager (Male) |
| 3:37 | Build | House |
| 3:49 | Create | Villager (Male) |
| 4:13 | Build | House |
| 4:18 | Create | Villager (Male) |
| 4:22 | Build | Mill |
| 4:42 | Build | House |
| 4:43 | Create | Villager (Male) |
| 4:44 | Create | Villager (Male) |
| 5:07 | Research | Loom |
| 5:33 | Create | Villager (Male) |
| 5:58 | Build | House |
| 6:08 | Create | Villager (Male) |
| 6:08 | Create | Villager (Male) |
| 6:30 | Create | Villager (Male) |
| 6:39 | Build | Barracks |
| 6:45 | Build | Palisade Wall |
| 6:54 | Create | Villager (Male) |
| 7:05 | Create | Villager (Male) |
| 7:55 | Build | Palisade Wall |
| 7:57 | Build | Palisade Gate |
| 8:02 | Create | Villager (Male) |
| 8:02 | Create | Villager (Male) |
| 8:02 | Create | Villager (Male) |
| 8:02 | Create | Villager (Male) |
| 9:16 | Create | Villager (Male) |
| 9:22 | Build | Mining Camp |
| 9:30 | Build | Palisade Wall |
| 9:33 | Build | Palisade Gate |
| 9:51 | Create | Villager (Male) |
| 9:52 | Create | Villager (Male) |
| 10:17 | Build | Mining Camp |
| 10:29 | Research | Feudal Age |
| 11:10 | Create | Villager (Male) |
| 11:10 | Create | Villager (Male) |
| 11:10 | Create | Villager (Male) |
| 11:56 | Build | Barracks |
| 12:42 | Age | Feudal Age |
| 12:46 | Build | Blacksmith |
| 12:50 | Build | Market |
| 13:38 | Build | Stone Wall |
| 13:42 | Build | Gate |
| 13:56 | Research | Double-Bit Axe |
| 13:57 | Research | Stone Mining |
| 14:04 | Research | Castle Age |
| 14:27 | Research | Stone Mining |
| 14:28 | Research | Stone Mining |
| 14:49 | Research | Horse Collar |
| 15:22 | Research | Gold Mining |
| 16:16 | Create | Villager (Male) |
| 16:44 | Age | Castle Age |
| 16:52 | Build | Town Center |
| 17:02 | Build | Town Center |
| 17:06 | Create | Villager (Male) |
| 17:09 | Research | Bow Saw |
| 17:13 | Build | Farm |
| 17:29 | Build | House |
| 17:30 | Build | House |
| 17:30 | Build | House |
| 17:31 | Build | House |
| 17:31 | Build | House |
| 17:33 | Create | Villager (Male) |
| 17:36 | Build | Farm |
| 17:58 | Create | Villager (Male) |
| 17:58 | Create | Villager (Male) |
| 18:01 | Build | Farm |
| 18:03 | Build | Farm |
| 18:10 | Build | Farm |
| 18:23 | Build | Farm |
| 18:29 | Build | Farm |
| 18:30 | Build | Farm |
| 18:38 | Build | Farm |
| 18:41 | Create | Villager (Male) |
| 18:42 | Create | Villager (Male) |
| 18:53 | Build | Farm |
| 18:56 | Build | Farm |
| 19:04 | Build | Farm |
| 19:08 | Create | Villager (Male) |
| 19:13 | Build | House |
| 19:13 | Build | House |
| 19:14 | Build | House |
| 19:14 | Build | House |
| 19:14 | Build | House |
| 19:14 | Build | House |
| 19:23 | Build | Farm |
| 19:34 | Create | Villager (Male) |
| 19:41 | Build | Farm |
| 19:43 | Build | Farm |
| 19:47 | Build | Farm |
| 19:49 | Create | Villager (Male) |
| 19:54 | Create | Villager (Male) |
| 19:58 | Build | Farm |
| 20:02 | Build | Farm |
Build order — 久久
70 actions detected in the replay
| 0:02 | Research | Loom |
| 0:58 | Create | Villager (Male) |
| 0:58 | Create | Villager (Male) |
| 1:20 | Create | Villager (Male) |
| 1:20 | Create | Villager (Male) |
| 1:32 | Build | Lumber Camp |
| 1:46 | Create | Villager (Male) |
| 1:46 | Create | Villager (Male) |
| 2:11 | Create | Villager (Male) |
| 2:37 | Create | Villager (Male) |
| 2:38 | Create | Villager (Male) |
| 3:05 | Create | Villager (Male) |
| 3:05 | Create | Villager (Male) |
| 3:07 | Build | House |
| 3:46 | Build | House |
| 3:52 | Create | Villager (Male) |
| 3:52 | Create | Villager (Male) |
| 4:02 | Create | Villager (Male) |
| 4:02 | Create | Villager (Male) |
| 4:28 | Build | House |
| 4:31 | Build | House |
| 4:58 | Create | Villager (Male) |
| 5:00 | Create | Villager (Male) |
| 5:03 | Build | Mill |
| 5:26 | Create | Villager (Male) |
| 5:42 | Create | Villager (Male) |
| 6:30 | Create | Villager (Male) |
| 6:30 | Create | Villager (Male) |
| 6:52 | Create | Villager (Male) |
| 7:07 | Create | Villager (Male) |
| 7:12 | Create | Villager (Male) |
| 7:34 | Create | Villager (Male) |
| 8:56 | Build | Farm |
| 8:59 | Build | Farm |
| 9:30 | Build | Farm |
| 9:32 | Research | Feudal Age |
| 10:12 | Build | Mining Camp |
| 11:42 | Age | Feudal Age |
| 11:48 | Build | Gate |
| 11:52 | Build | Stone Wall |
| 11:56 | Build | Stone Wall |
| 11:59 | Create | Villager (Male) |
| 11:59 | Create | Villager (Male) |
| 12:08 | Create | Villager (Male) |
| 12:21 | Build | Market |
| 12:33 | Build | Blacksmith |
| 12:35 | Create | Villager (Male) |
| 13:28 | Research | Castle Age |
| 13:28 | Research | Castle Age |
| 13:48 | Build | Mining Camp |
| 13:54 | Research | Double-Bit Axe |
| 13:54 | Research | Double-Bit Axe |
| 15:50 | Research | Horse Collar |
| 15:50 | Research | Horse Collar |
| 15:53 | Research | Wheelbarrow |
| 15:55 | Create | Villager (Male) |
| 16:19 | Age | Castle Age |
| 16:26 | Build | Town Center |
| 16:44 | Create | Villager (Male) |
| 17:03 | Build | Town Center |
| 17:20 | Create | Villager (Male) |
| 18:00 | Build | Market |
| 18:07 | Create | Villager (Male) ×5 |
| 18:48 | Create | Villager (Male) ×5 |
| 18:52 | Build | Farm |
| 19:34 | Build | Market |
| 19:38 | Create | Villager (Male) ×2 |
| 19:42 | Build | Farm |
| 19:42 | Build | Farm |
| 19:46 | Create | Villager (Male) |
Build order — xidis
74 actions detected in the replay
| 0:02 | Create | Villager (Male) |
| 0:02 | Create | Villager (Male) |
| 0:02 | Create | Villager (Male) |
| 0:03 | Build | House |
| 0:05 | Build | House |
| 0:10 | Create | Villager (Male) |
| 1:26 | Create | Villager (Male) |
| 1:48 | Build | Lumber Camp |
| 2:20 | Create | Villager (Male) |
| 2:40 | Create | Villager (Male) |
| 3:10 | Create | Villager (Male) |
| 3:23 | Create | Villager (Male) |
| 4:00 | Create | Villager (Male) |
| 4:00 | Create | Villager (Male) |
| 4:03 | Build | House |
| 4:18 | Build | Mill |
| 4:38 | Create | Villager (Male) |
| 4:39 | Create | Villager (Male) |
| 5:09 | Create | Villager (Male) |
| 5:13 | Create | Villager (Male) |
| 6:02 | Create | Villager (Male) |
| 6:02 | Create | Villager (Male) |
| 6:06 | Build | Farm |
| 6:32 | Create | Villager (Male) |
| 6:38 | Create | Villager (Male) |
| 6:51 | Build | Mining Camp |
| 6:53 | Create | Villager (Male) |
| 7:22 | Build | House |
| 8:25 | Build | Farm |
| 8:34 | Create | Villager (Male) |
| 9:08 | Build | Mill |
| 9:11 | Create | Villager (Male) |
| 9:43 | Research | Feudal Age |
| 10:21 | Build | Farm |
| 10:22 | Build | Farm |
| 11:04 | Build | Palisade Wall |
| 11:23 | Build | House |
| 11:40 | Build | Palisade Gate |
| 11:53 | Age | Feudal Age |
| 11:53 | Build | Palisade Wall |
| 11:59 | Create | Villager (Male) |
| 12:00 | Create | Villager (Male) |
| 12:00 | Create | Villager (Male) |
| 12:07 | Build | Farm |
| 12:07 | Create | Villager (Male) |
| 12:54 | Build | Farm |
| 13:02 | Build | Farm |
| 13:38 | Build | Blacksmith |
| 13:52 | Create | Villager (Male) |
| 13:54 | Create | Villager (Male) |
| 14:22 | Build | Market |
| 14:47 | Build | Farm |
| 14:59 | Create | Villager (Male) |
| 15:15 | Research | Castle Age |
| 15:23 | Build | House |
| 15:31 | Research | Double-Bit Axe |
| 15:56 | Build | House |
| 16:32 | Build | House |
| 16:50 | Build | Mining Camp |
| 16:55 | Research | Wheelbarrow |
| 16:58 | Create | Villager (Male) |
| 17:00 | Create | Villager (Male) |
| 17:00 | Create | Villager (Male) |
| 17:01 | Create | Villager (Male) |
| 17:07 | Build | House |
| 17:57 | Age | Castle Age |
| 17:59 | Build | Town Center |
| 18:17 | Build | House |
| 18:18 | Build | House |
| 18:19 | Build | House |
| 19:07 | Research | Horse Collar |
| 19:22 | Create | Villager (Male) ×5 |
| 19:49 | Build | Barracks |
| 19:57 | Create | Villager (Male) |
Build order — 大果汁
66 actions detected in the replay
| 0:01 | Create | Villager (Male) |
| 0:01 | Create | Villager (Male) |
| 0:03 | Build | House |
| 0:05 | Build | House |
| 0:54 | Create | Villager (Male) |
| 1:13 | Create | Villager (Male) |
| 1:28 | Create | Villager (Male) |
| 1:28 | Create | Villager (Male) |
| 1:54 | Create | Villager (Male) |
| 2:26 | Create | Villager (Male) |
| 2:42 | Create | Villager (Male) |
| 3:06 | Create | Villager (Male) |
| 3:40 | Build | House |
| 3:42 | Build | House |
| 3:43 | Build | House |
| 3:55 | Create | Villager (Male) |
| 3:56 | Create | Villager (Male) |
| 3:56 | Create | Villager (Male) |
| 4:38 | Create | Villager (Male) |
| 4:39 | Create | Villager (Male) |
| 4:47 | Create | Villager (Male) |
| 5:48 | Create | Villager (Male) |
| 6:11 | Build | Mill |
| 6:13 | Create | Villager (Male) |
| 7:07 | Research | Feudal Age |
| 8:35 | Build | Farm |
| 8:41 | Build | Farm |
| 9:25 | Age | Feudal Age |
| 9:39 | Create | Villager (Male) |
| 9:39 | Create | Villager (Male) |
| 9:52 | Build | Stone Wall |
| 9:59 | Build | Stone Wall |
| 10:20 | Build | Stone Wall |
| 10:32 | Create | Villager (Male) |
| 10:32 | Create | Villager (Male) |
| 10:37 | Build | Mule Cart |
| 10:40 | Create | Villager (Male) |
| 10:40 | Create | Villager (Male) |
| 10:58 | Build | Stone Wall |
| 11:00 | Build | Stone Wall |
| 11:24 | Create | Villager (Male) |
| 11:30 | Create | Villager (Male) |
| 11:58 | Create | Villager (Male) |
| 12:15 | Build | Farm |
| 12:18 | Build | Farm |
| 12:20 | Build | Farm |
| 12:36 | Build | Stone Wall |
| 12:51 | Create | Villager (Male) |
| 12:51 | Create | Villager (Male) |
| 13:29 | Build | Stone Wall |
| 13:56 | Build | Stone Wall |
| 14:09 | Research | Double-Bit Axe |
| 14:16 | Build | Mule Cart |
| 14:20 | Create | Villager (Male) |
| 14:20 | Create | Villager (Male) |
| 14:25 | Research | Wheelbarrow |
| 15:03 | Create | Villager (Male) |
| 15:17 | Build | Market |
| 15:23 | Build | House |
| 15:39 | Build | Stone Wall |
| 15:49 | Build | Blacksmith |
| 16:07 | Create | Villager (Male) |
| 16:22 | Research | Castle Age |
| 16:40 | Build | Farm |
| 17:49 | Research | Horse Collar |
| 19:12 | Age | Castle Age |
Build order — adanrodrigueez14
122 actions detected in the replay
| 0:02 | Create | Villager (Male) |
| 0:02 | Create | Villager (Male) |
| 0:02 | Create | Villager (Male) |
| 0:02 | Create | Villager (Male) |
| 0:04 | Build | House |
| 0:07 | Build | House |
| 1:24 | Create | Villager (Male) |
| 1:52 | Create | Villager (Male) |
| 1:52 | Create | Villager (Male) |
| 1:52 | Create | Villager (Male) |
| 2:09 | Build | Lumber Camp |
| 2:25 | Create | Villager (Male) |
| 2:25 | Create | Villager (Male) |
| 2:25 | Create | Villager (Male) |
| 2:44 | Research | Loom |
| 2:57 | Create | Villager (Male) |
| 2:58 | Create | Villager (Male) |
| 2:58 | Create | Villager (Male) |
| 3:01 | Create | Villager (Male) |
| 3:02 | Create | Villager (Male) |
| 3:35 | Create | Villager (Male) |
| 3:36 | Create | Villager (Male) |
| 3:36 | Create | Villager (Male) |
| 4:10 | Build | House |
| 4:12 | Build | House |
| 4:32 | Create | Villager (Male) |
| 4:32 | Create | Villager (Male) |
| 4:33 | Create | Villager (Male) |
| 4:37 | Create | Villager (Male) |
| 4:37 | Create | Villager (Male) |
| 4:37 | Create | Villager (Male) |
| 4:42 | Build | Mill |
| 5:34 | Create | Villager (Male) |
| 5:34 | Create | Villager (Male) |
| 5:35 | Create | Villager (Male) |
| 5:53 | Create | Villager (Male) |
| 5:53 | Create | Villager (Male) |
| 5:53 | Create | Villager (Male) |
| 6:11 | Create | Villager (Male) |
| 6:11 | Create | Villager (Male) |
| 6:11 | Create | Villager (Male) |
| 6:38 | Create | Villager (Male) |
| 6:38 | Create | Villager (Male) |
| 6:39 | Create | Villager (Male) |
| 7:10 | Create | Villager (Male) |
| 7:10 | Create | Villager (Male) |
| 7:11 | Create | Villager (Male) |
| 7:11 | Create | Villager (Male) |
| 7:52 | Create | Villager (Male) |
| 7:53 | Create | Villager (Male) |
| 8:17 | Create | Villager (Male) |
| 8:17 | Create | Villager (Male) |
| 8:44 | Research | Feudal Age |
| 9:56 | Build | Barracks |
| 10:07 | Build | Palisade Wall |
| 10:25 | Build | Palisade Wall |
| 10:53 | Build | Palisade Gate |
| 10:57 | Age | Feudal Age |
| 11:01 | Build | Stable |
| 11:05 | Create | Villager (Male) |
| 11:05 | Create | Villager (Male) |
| 11:07 | Research | Double-Bit Axe |
| 11:10 | Research | Horse Collar |
| 11:16 | Build | House |
| 11:20 | Build | Palisade Wall |
| 11:53 | Create | Scout Cavalry |
| 11:54 | Create | Scout Cavalry |
| 12:16 | Build | Blacksmith |
| 12:35 | Build | House |
| 12:46 | Build | Farm |
| 13:01 | Create | Scout Cavalry |
| 13:01 | Create | Scout Cavalry |
| 13:05 | Build | House |
| 13:19 | Build | House |
| 13:20 | Build | House |
| 13:31 | Create | Villager (Male) |
| 13:32 | Create | Villager (Male) |
| 13:36 | Build | Farm |
| 13:36 | Build | Farm |
| 13:36 | Build | Farm |
| 13:37 | Build | Farm |
| 13:37 | Build | Farm |
| 13:37 | Build | Farm |
| 13:46 | Build | House |
| 14:06 | Build | Farm |
| 14:26 | Build | Farm |
| 14:26 | Build | Farm |
| 14:29 | Create | Villager (Male) |
| 14:47 | Build | House |
| 14:51 | Build | Mining Camp |
| 14:57 | Create | Villager (Male) |
| 14:57 | Create | Villager (Male) |
| 15:02 | Create | Scout Cavalry |
| 15:02 | Create | Scout Cavalry |
| 15:25 | Build | House |
| 15:26 | Create | Villager (Male) |
| 15:40 | Research | Forging |
| 16:05 | Build | House |
| 16:20 | Create | Scout Cavalry |
| 16:21 | Create | Scout Cavalry |
| 16:21 | Create | Scout Cavalry |
| 17:09 | Build | House |
| 17:10 | Create | Villager (Male) |
| 17:10 | Create | Villager (Male) |
| 17:29 | Create | Villager (Male) |
| 17:49 | Build | House |
| 17:55 | Build | Farm |
| 17:55 | Build | Farm |
| 17:55 | Build | Farm |
| 17:56 | Build | Farm |
| 17:56 | Build | Farm |
| 17:56 | Build | Farm |
| 18:01 | Build | Farm |
| 18:01 | Build | Farm |
| 18:01 | Build | Farm |
| 18:37 | Build | House |
| 18:57 | Build | Farm |
| 19:07 | Build | Market |
| 19:53 | Research | Castle Age |
| 19:54 | Research | Castle Age |
| 19:54 | Research | Castle Age |
| 19:54 | Research | Castle Age |
Match timeline
| 3:13 | quit touching me · wall_segment Palisade Wall x6 |
| 3:31 | 马大帅 · wall_segment Palisade Wall x1 |
| 3:56 | quit touching me · wall_segment Palisade Wall x7 |
| 5:46 | quit touching me · wall_segment Palisade Wall x1 |
| 5:49 | quit touching me · wall_segment Palisade Wall x5 |
| 6:39 | Mr. Bolivar · first_building Barracks |
| 6:45 | Mr. Bolivar · wall_segment Palisade Wall x3 |
| 7:55 | Mr. Bolivar · wall_segment Palisade Wall x8 |
| 8:15 | 马大帅 · wall_segment Palisade Wall x13 |
| 8:56 | 马大帅 · wall_segment Palisade Wall x17 |
| 9:25 | 大果汁 · age_up feudal |
| 9:30 | Mr. Bolivar · wall_segment Palisade Wall x10 |
| 9:32 | 马大帅 · age_up feudal |
| 9:35 | 马大帅 · first_building Barracks |
| 9:36 | 不会讲英文 · wall_segment Palisade Wall x13 |
| 9:52 | 大果汁 · wall_segment Stone Wall x11 |
| 9:56 | adanrodrigueez14 · first_building Barracks |
| 9:59 | 大果汁 · wall_segment Stone Wall x20 |
| 10:05 | quit touching me · wall_segment Palisade Wall x7 |
| 10:07 | adanrodrigueez14 · wall_segment Palisade Wall x5 |
| 10:08 | quit touching me · wall_segment Palisade Wall x3 |
| 10:11 | quit touching me · wall_segment Palisade Wall x6 |
| 10:13 | quit touching me · wall_segment Palisade Wall x6 |
| 10:14 | quit touching me · wall_segment Palisade Wall x3 |
| 10:16 | quit touching me · wall_segment Palisade Wall x4 |
| 10:20 | 大果汁 · wall_segment Stone Wall x7 |
| 10:25 | adanrodrigueez14 · wall_segment Palisade Wall x13 |
| 10:32 | 不会讲英文 · first_building Barracks |
| 10:57 | adanrodrigueez14 · age_up feudal |
| 10:58 | 大果汁 · wall_segment Stone Wall x15 |
| 11:00 | 大果汁 · wall_segment Stone Wall x13 |
| 11:01 | adanrodrigueez14 · first_building Stable |
| 11:04 | xidis · wall_segment Palisade Wall x9 |
| 11:12 | 马大帅 · first_building Archery Range |
| 11:20 | adanrodrigueez14 · wall_segment Palisade Wall x3 |
| 11:27 | 不会讲英文 · age_up feudal |
| 11:41 | 不会讲英文 · first_building Stable |
| 11:42 | 久久 · age_up feudal |
| 11:52 | 久久 · wall_segment Stone Wall x6 |
| 11:53 | xidis · age_up feudal |
| 11:53 | 不会讲英文 · wall_segment Palisade Wall x13 |
| 11:53 | xidis · wall_segment Palisade Wall x21 |
| 11:56 | 久久 · wall_segment Stone Wall x7 |
| 12:15 | quit touching me · age_up feudal |
| 12:28 | quit touching me · first_building Stable |
| 12:36 | 大果汁 · wall_segment Stone Wall x21 |
| 12:42 | Mr. Bolivar · age_up feudal |
| 13:21 | 马大帅 · wall_segment Palisade Wall x10 |
| 13:29 | 大果汁 · wall_segment Stone Wall x7 |
| 13:38 | Mr. Bolivar · wall_segment Stone Wall x13 |
| 13:56 | 大果汁 · wall_segment Stone Wall x1 |
| 14:57 | quit touching me · age_up castle |
| 15:39 | 大果汁 · wall_segment Stone Wall x8 |
| 16:19 | 久久 · age_up castle |
| 16:44 | Mr. Bolivar · age_up castle |
| 17:21 | 不会讲英文 · first_building Archery Range |
| 17:56 | Mr. Bolivar · first_market_buy 100 food |
| 17:57 | xidis · age_up castle |
| 18:42 | 不会讲英文 · age_up castle |
| 19:12 | 大果汁 · age_up castle |
| 19:18 | 大果汁 · resign |
| 19:49 | xidis · first_building Barracks |
[ AI ANALYSIS · 1 CREDIT ]
What really happened in this match?
Wolo.gg analyzes every decision: build order, eco, micro, common mistakes by bracket. Personalized analysis on WhatsApp or Discord in 30 seconds.
Civ guide
Romans
Perfil
Jugador #11261444